 Dungeon Crawl Stone Soup version 0.31-a0-222-gefeffbb62a (webtiles) character file.

Game seed: 15868494630479926767

18687 drugrobin the Fighter (level 12, 0/115 HPs)
             Began as a Demigod Delver on July 5, 2023.
             Shot with a bolt by a yaktaur (3 damage)
             ... in a volcano.
             The game lasted 00:56:02 (16833 turns).

drugrobin the Fighter (Demigod Delver)             Turns: 16833, Time: 00:56:04

Health: 0/115      AC:  8    Str: 27    XL:     12   Next: 3%
Magic:  3/18       EV: 14    Int: 16    God:
Gold:   68         SH:  5    Dex: 19    Spells: 2/15 levels left

rFire   + . .        b - +4 demon trident (venom)
rCold   x . .        (no shield)
rNeg    . . .        w - +0 leather armour
rPois   +            v - +0 helmet
rElec   .            S - +1 cloak {rPois}
rCorr   .            u - +1 pair of gloves
SInv    .            (no boots)
Will    +....        o - amulet of reflection
Stlth   +++          q - +6 ring of strength
HPRegen 0.39/turn    y - ring of fire
MPRegen 0.16/turn

%: reflection
@: no status effects
A: high MP 1, forlorn, divine attributes
a: no special abilities


You were in a volcano.
You visited 2 branches of the dungeon, and saw 12 of its levels.
You also visited: Bailey and Volcano.

You collected 500 gold pieces.
You spent 432 gold pieces at shops.

Inventory:

Hand Weapons
 a - a +0 vampiric lajatang
 b - a +4 demon trident of venom (weapon)
 G - a +0 shortbow
Missiles
 h - 2 throwing nets
 j - 37 poisoned darts
 E - a curare-tipped dart
Armour
 u - a +1 pair of gloves (worn)
 v - a +0 helmet (worn)
 w - a +0 leather armour (worn)
 S - a +1 cloak of poison resistance (worn)
Jewellery
 o - an amulet of reflection (around neck)
 q - a +6 ring of strength (left hand)
 y - a ring of fire (right hand)
 O - an amulet of magic regeneration
 U - a +6 ring of intelligence
 W - a ring of resist corrosion
Wands
 d - a wand of acid (6)
 g - a wand of digging (1)
 J - a wand of mindburst (3)
 N - a wand of roots (3)
 Q - a wand of flame (11)
Scrolls
 e - 6 scrolls of fear
 l - 2 scrolls of noise {unknown}
 r - a scroll of amnesia {unknown}
 s - 3 scrolls of enchant armour {unknown}
 t - a scroll of immolation
 z - 3 scrolls of acquirement {unknown}
 A - a scroll of vulnerability
 B - 3 scrolls of blinking
 F - 7 scrolls of teleportation
 M - a scroll of enchant weapon {unknown}
 P - a scroll of fog
 T - a scroll of revelation
Potions
 f - 2 potions of haste
 i - 7 potions of curing
 m - a potion of invisibility {unknown}
 n - 2 potions of brilliance {unknown}
 p - 2 potions of ambrosia {unknown}
 x - 2 potions of attraction {unknown}
 C - a potion of lignification {unknown}
 D - 4 potions of heal wounds {unknown}
 H - 3 potions of might {unknown}
 I - 4 potions of mutation {unknown}
 K - a potion of magic {unknown}
 R - a potion of cancellation {unknown}


   Skills:
 - Level 13.1 Fighting
 - Level 8.5(9.3) Polearms
 * Level 5.6(7.8) Staves
 + Level 4.0 Dodging
 - Level 4.5 Stealth
 - Level 2.0 Spellcasting
 + Level 7.1 Ice Magic
 - Level 4.0 Evocations


You had 2 spell levels left.
You knew the following spells:

 Your Spells              Type           Power      Damage    Failure   Level
a - Summon Small Mammal   Summ           4%         N/A       22%         1
b - Ozocubu's Armour      Ice            24%        N/A       3%          3
c - Frozen Ramparts       Ice            48%        1d8       3%          3
d - Hailstorm             Conj/Ice       12%        3d5       16%         3
e - Freeze                Ice            96%        1d10      1%          1
f - Ensorcelled Hibernat  Hex/Ice        24%        N/A       9%          2

Your spell library contained the following spells:

 Spells                   Type           Power      Damage    Failure   Level
 Apportation              Tloc           2%         N/A       22%         1
 Necrotise                Necr           4%         1d4       22%         1
 Scorch                   Fire           4%         2d5       34%         2
 Spider Form              Tmut/Pois      1%         N/A       56%         3
 Metabolic Englaciation   Hex/Ice        6%         N/A       83%         5
 Anguish                  Hex/Necr       0%         N/A       92%         4
 Flame Wave               Conj/Fire      2%         2d4       92%         4
 Simulacrum               Ice/Necr       6%         N/A       100%        6
 Summon Cactus Giant      Summ           0%         N/A       100%        6


Dungeon Overview and Level Annotations

Branches:
Dungeon (10/15)            Temple (0/1) D:7            Lair (2/5) D:9
  Swamp (0/4) Lair:2          Orc (0/2) D:9          Bailey (visited)
Volcano (1/1)
  Snake: Lair:2-3    Spider: Lair:2-3

Shops:
D:2 =:!=*

Annotations:
D:8 2 transporters, Pokonic1's ghost, journeyman GrMo
D:9 2 runed translucent doors
Lair:2 Urug


Innate Abilities, Weirdness & Mutations

You have an increased reservoir of magic. (+10% MP)
You shall have no god before yourself.
Your divine heritage dramatically boosts your attributes as you level up.


Message History

You puncture the centaur warrior!
You kill the centaur warrior!
The yaktaur shoots a bolt.
The bolt misses you.
Your Dodging skill increases to level 4!
You have reached level 12!
Your experience leads to a dramatic increase in your attributes!
Your base attributes are Str 17, Int 16, Dex 19.
Increase (S)trength, (I)ntelligence, or (D)exterity?
You feel stronger. x4
Unknown command.
Unknown command.
Reach: b) +4 demon trident (venom)
Press: ? - help, Dir - move target, f - yaktaur
Aim: a yaktaur, wielding a +1 arbalest of flaming (heavily wounded, about 13% to evade your +4 demon trident of venom)
You reach to attack!
You puncture the yaktaur!
The yaktaur is severely wounded.
The yaktaur shoots a bolt.
The bolt hits you!
* * * LOW HITPOINT WARNING * * *
The bolt burns you.
* * * LOW HITPOINT WARNING * * *
Unknown command.
Unknown command.
Unknown command.
Okay, then.
Unknown command.
Aiming: Mindburst
Press: ? - help, Shift-Dir - straight line, f/p - yaktaur
Aim: a yaktaur, wielding a +1 arbalest of flaming (severely wounded, chance to affect: 64%)
Okay, then.
Unknown command.
Unknown command.
Unknown command.
Okay, then.
Unknown command.
As you read the scroll of fear, it crumbles to dust.
You assume a fearsome visage.
The yaktaur resists with some effort.
The yaktaur shoots a bolt.
The bolt hits you!
* * * LOW HITPOINT WARNING * * *
The bolt burns you.
You die...

§§≈≈≈≈≈≈§≈≈≈≈§§≈≈≈§§≈≈≈§≈≈§≈§§≈≈≈
§≈≈§≈§≈≈.....§§.........§§≈≈§§≈≈≈
≈§ #######'########§≈§§§≈≈≈ ≈ #.#
#.≈≈≈§≈≈≈ #.# #.≈≈§§§≈≈ #.#
#.≈≈≈§≈§≈ ≈≈§≈≈≈.# #.# #.≈≈≈§§≈≈
≈≈≈≈≈≈≈.# #.#.######.§≈≈≈§≈≈
≈≈≈§≈≈≈.# #@#......#.§≈§§≈≈≈
≈≈≈≈≈≈§.# #)###++###.§≈§§≈§≈
≈≈≈≈§≈≈.#


)c) #.≈≈≈≈§≈§ §≈≈≈§§§.# .8_8. #.≈≈≈≈≈§≈ §§§§§§§.# +.....+ #§§≈≈≈≈§≈
≈§≈≈§§§§#################§≈≈≈≈≈≈≈ §§≈§§§§§..§§..§....§§.....§≈≈§≈≈≈
≈≈§≈§.§§≈≈≈§§§§§≈≈≈§§≈≈≈≈≈§§≈≈≈≈≈ §≈§.≈≈≈§≈§§§≈≈§§≈≈≈§§§≈§§≈≈≈≈≈≈≈≈ You could
see a yaktaur.

Vanquished Creatures
  2 vault guards (Bailey)
  2 two-headed ogres
  2 centaur warriors
  Amaemon (D:9)
  Pikel (D:7)
  A deep elf pyromancer (D:7)
  A black mamba (Lair:1)
  An orange demon (D:9)
  4 cane toads
  4 komodo dragons
  2 burning bushes (Lair:1)
  3 blink frogs (Lair:1)
  Prince Ribbit (Bailey)
  14 yaks
  5 humans (Bailey)
  A shadow (D:7)
  A fire bat (Volcano)
  3 wyverns
  Grum (D:8)
  3 steam dragons
  A water moccasin (D:5)
  An acid dragon (D:8)
  2 orc warriors
  3 ice beasts
  A sky beast (D:8)
  A black bear (D:6)
  3 wolves (D:8)
  3 ogres
  10 centaurs
  A lemure (D:7)
  2 phantoms
  5 kobold brigands
  13 bullfrogs
  6 scorpions
  5 wights (D:9)
  12 killer bees
  5 lava snakes (Volcano)
  4 howler monkeys
  3 jellies
  6 hounds
  Crazy Yiuf (D:2)
  5 orc priests
  7 orc wizards
  2 sleepcaps
  5 iguanas
  5 adders
  6 gnolls
  A shadow imp (D:7)
  A white imp (D:7)
  A worm (D:4)
  4 dart slugs
  22 orcs
  6 endoplasms
  2 giant cockroaches (D:1)
  8 goblins
  5 hobgoblins
  2 jackals (D:3)
  11 kobolds
  2 quokkas
  4 ball pythons
  3 bats
  3 frilled lizards (D:2)
  A rat (D:2)
247 creatures vanquished.

Vanquished Creatures (collateral kills)
  An orc priest (D:4)
  A gnoll (D:5)
  An orc (D:4)
3 creatures vanquished.

Vanquished Creatures (others)
  An orc (D:8)
1 creature vanquished.

Grand Total: 251 creatures vanquished

Notes
Turn   | Place    | Note
-------+----------+-------------------------------------------
     0 | D:5      | drugrobin the Demigod Delver began the quest for the Orb.
     0 | D:5      | Reached XP level 1. HP: 18/18 MP: 3/3
   142 | D:2      | Found Finiqew's Assorted Antiques.
   412 | D:1      | Reached XP level 2. HP: 25/25 MP: 4/4
  1003 | D:2      | Found Ybe Jacra's Jewellery Boutique.
  1061 | D:2      | Found Betaov's Distillery.
  1204 | D:2      | Learned a level 1 spell: Summon Small Mammal
  1251 | D:2      | Reached XP level 3. HP: 30/30 MP: 1/5
  1401 | D:2      | Found Opsorph's Book Boutique.
  1425 | D:2      | Found Ynky's Jewellery Shoppe.
  1470 | D:2      | Found a runed translucent door.
  1471 | D:2      | Noticed Crazy Yiuf
  2411 | D:4      | Reached skill level 1 in Spellcasting
  2411 | D:4      | Reached XP level 4. HP: 37/37 MP: 5/8
  2751 | D:4      | Noticed a phantom
  2992 | D:4      | Reached XP level 5. HP: 23/42 MP: 7/10
  3566 | D:5      | Reached skill level 5 in Polearms
  3923 | D:5      | Noticed an ogre
  3926 | D:5      | Noticed an ice beast
  4016 | D:5      | Noticed a centaur
  4025 | D:5      | Killed a centaur
  4026 | D:5      | Reached XP level 6. HP: 49/50 MP: 11/11
  4412 | D:5      | Reached skill level 1 in Evocations
  4459 | D:5      | Reached XP level 7. HP: 56/56 MP: 13/13
  5158 | D:6      | Reached XP level 8. HP: 56/62 MP: 14/14
  5218 | D:6      | Learned a level 3 spell: Ozocubu's Armour
  5661 | D:6      | Reached skill level 1 in Staves
  5756 | D:6      | Reached skill level 1 in Ice Magic
  6244 | D:7      | Reached skill level 3 in Fighting
  6418 | D:7      | Learned a level 3 spell: Frozen Ramparts
  6422 | D:7      | Learned a level 3 spell: Hailstorm
  6424 | D:7      | Learned a level 1 spell: Freeze
  6577 | D:7      | Found a staircase to the Ecumenical Temple.
  6799 | D:7      | Reached skill level 4 in Fighting
  7117 | D:7      | Reached XP level 9. HP: 60/72 MP: 7/15
  7179 | D:7      | Noticed a two-headed ogre
  7362 | D:7      | Noticed a komodo dragon
  7383 | D:7      | Killed a komodo dragon
  7384 | D:7      | Reached skill level 5 in Fighting
  7835 | D:7      | Noticed Pikel
  7845 | D:7      | Killed Pikel
  7846 | D:7      | Reached skill level 7 in Fighting
  8423 | D:7      | Noticed a centaur warrior
  8423 | D:7      | Noticed a deep elf pyromancer
  8428 | D:7      | Killed a deep elf pyromancer
  8429 | D:7      | Reached skill level 8 in Fighting
  8430 | D:7      | Killed a centaur warrior
  8542 | D:7      | Reached skill level 9 in Fighting
  8542 | D:7      | Reached XP level 10. HP: 72/91 MP: 16/16
  8671 | D:7      | Killed a two-headed ogre
  9060 | D:8      | Found a transporter.
  9070 | D:8      | Identified the +1 scale mail of Nukor {Will++ Dex+7}
  9123 | D:8      | Reached skill level 10 in Fighting
  9210 | D:8      | Noticed Grum
  9224 | D:8      | Killed Grum
  9949 | D:8      | Reached skill level 11 in Fighting
 10323 | D:8      | Identified the ring "Hetec" {*Corrode rF+ rC+ Dex+6 Stlth+}
 10325 | D:8      | Found a transporter.
 10334 | D:8      | Noticed Pokonic1's ghost (journeyman GrMo)
 11227 | D:9      | Found a staircase to the Lair.
 11232 | D:9      | Found a staircase to the Orcish Mines.
 11917 | D:9      | Reached skill level 12 in Fighting
 12259 | D:9      | Found a large runed translucent door.
 12259 | D:9      | Found a large runed translucent door.
 12266 | D:9      | Noticed a centaur warrior
 12400 | D:9      | Reached XP level 11. HP: 102/104 MP: 11/17
 12463 | D:9      | Learned a level 2 spell: Ensorcelled Hibernation
 12614 | D:9      | Noticed a two-headed ogre
 12648 | D:10     | Entered Level 10 of the Dungeon
 12921 | D:10     | Found a flagged portal.
 12934 | Bailey   | Entered a bailey
 13123 | Bailey   | Noticed a vault guard
 13147 | Bailey   | Killed a vault guard
 13148 | Bailey   | Reached skill level 5 in Ice Magic
 13339 | Bailey   | Noticed a vault guard
 13339 | Bailey   | Noticed Prince Ribbit
 13353 | Bailey   | Killed Prince Ribbit
 13394 | Bailey   | Killed a vault guard
 13495 | Bailey   | Reached skill level 13 in Fighting
 13626 | D:10     | Noticed a two-headed ogre
 13661 | D:10     | Killed a two-headed ogre
 14368 | D:2      | Bought a glowing demon trident for 432 gold pieces
 14448 | D:2      | Killed Crazy Yiuf
 14718 | Lair:1   | Entered Level 1 of the Lair of Beasts
 14718 | Lair:1   | Noticed Amaemon
 14933 | D:9      | Killed Amaemon
 16158 | Lair:1   | Reached skill level 5 in Staves
 16365 | Lair:2   | Found a dark tunnel.
 16366 | Lair:2   | Noticed Urug
 16378 | Volcano  | Entered a volcano
 16823 | Volcano  | Noticed a centaur warrior
 16831 | Volcano  | Killed a centaur warrior
 16832 | Volcano  | Reached XP level 12. HP: 32/115 MP: 3/18
 16833 | Volcano  | HP: 3/115 [yaktaur/bolt (15)]
 16833 | Volcano  | Shot with a bolt by a yaktaur

Illustrated notes

Levels and vault maps discovered:
D:1:      dpeg_arrival_line_fractal, layout_basic
D:2:      layout_rooms, serial_shops, nicolae_shop_hallway_plus,
          nicolae_shop_real_fake_doors, shop, nicolae_diamond_shop,
          nicolae_shop_behind_doors, basic_altar, uniq_crazy_yiuf_cottage
D:3:      layout_loops_cross
D:4:      layout_loops_ring, kennysheep_cluttered_room
D:5:      layout_basic, kennysheep_generic_room_13
D:6:      layout_rooms, kennysheep_mini, centaur_isle
D:7:      nzn_winding_woodlands_cross [nzn_winding_woodlands_5x15_eye,
          nzn_winding_woodlands_5x15_longhouse,
          nzn_winding_woodlands_5x15_sidewinder,
          nzn_winding_woodlands_5x15_pockets,
          nzn_winding_woodlands_15x15_boxy_spiral], layout_loops_ring,
          doesnt_xom_only_xom, temple_green, uniq_pikel
D:8:      layout_basic, nicolae_tso_carved_into_rock,
          gammafunk_ghost_gnarly_gnolls, uniq_grum
D:9:      okawaru_arena_lexackson, layout_basic, mainiacjoe_overflow_alcove_4,
          nemelex_altar_shiori, lemuel_round_altar,
          mainiacjoe_overflow_tiny_flanked, orc_0_dummy
D:10:     layout_basic, enter_bailey_7
Lair:1:   layout_chaotic_city, evilmike_ambush [evilmike_ambush_outer_basic,
          evilmike_ambush_inner_cross], uniq_amaemon
Lair:2:   layout_small_grid, minmay_swamp_entry_wisps, gammafunk_ghost_hive,
          nicolae_volcano_entry_lava_flow, uniq_urug, uniq_erica
Volcano:  volcano_lake [vl_original]

Skill      XL: |  1  2  3  4  5  6  7  8  9 10 11 |
---------------+----------------------------------+-----
Polearms       | 2 3 4 5 6 8 |  8.5
Spellcasting   | 1 2 |  2.0
Evocations     | 1 3 4 |  4.0
Staves         | 2 5 |  5.6
Ice Magic      | 3 4 7 |  7.1
Fighting       | 4 9 12 13 | 13.1
Dodging        | 4 |  4.0
Stealth        | |  4.5

Action                     |  1- 3 |  4- 6 |  7- 9 | 10-12 || total
---------------------------+-------+-------+-------+-------++-------
  Melee: Spear             |   134 |   103 |       |    41 ||   278
         Punch             |       |     2 |       |       ||     2
         Halberd           |       |    27 |    45 |     8 ||    80
         Lajatang          |       |       |   100 |   263 ||   363
         Demon trident     |       |       |       |   113 ||   113
   Fire: Sling             |     8 |       |       |       ||     8
         Shortbow          |       |     7 |    57 |    10 ||    74
  Throw: Dart              |       |     8 |    14 |    29 ||    51
   Cast: Summon Small Mamm |     5 |    26 |    25 |    23 ||    79
         Ozocubu's Armour  |       |       |    13 |    33 ||    46
         Frozen Ramparts   |       |       |     9 |    45 ||    54
         Hailstorm         |       |       |     1 |     8 ||     9
         Ensorcelled Hiber |       |       |       |     1 ||     1
  Evoke: Wand              |       |     2 |    12 |    19 ||    33
    Use: Potion            |       |       |     2 |       ||     2
         Scroll            |       |       |       |    10 ||    10
   Stab: Sleeping          |     2 |     3 |     1 |     4 ||    10
         Distracted        |       |       |     1 |     2 ||     3
 Armour: Chain mail        |    25 |       |       |       ||    25
         Leather armour    |    11 |    21 |    39 |   101 ||   172
  Dodge: Dodged            |    50 |    56 |    95 |   189 ||   390
  Block: Other             |    21 |    27 |    37 |    72 ||   157
         Reflection        |     3 |       |    12 |     2 ||    17

Table legend: (Time is in decaauts)
 A = Elapsed time spent in this place.
 B = Non-inter-level travel time spent in this place.
 C = Inter-level travel time spent in this place.
 D = Time resting spent in this place.
 E = Time spent auto-exploring this place.
 F = Levels seen in this place.
 G = Mean time per level.
                   A        B        C        D        E       F      G
               +--------+--------+--------+--------+--------+-----+--------+
         Total |  16857 |  15671 |   1186 |   2670 |   9303 |  14 | 1204.1 |
       Dungeon |  14595 |  13466 |   1129 |   2258 |   8146 |  10 | 1459.5 |
          Lair |   1143 |   1086 |     57 |     78 |    746 |   2 |  571.5 |
        Bailey |    668 |    668 |      0 |    218 |    208 |   1 |  668.0 |
       Volcano |    450 |    450 |      0 |    115 |    203 |   1 |  450.0 |
               +--------+--------+--------+--------+--------+-----+--------+

Top non-repeatable levels by time:
     D:7: 2816 daAuts
     D:9: 2143 daAuts
     D:8: 1801 daAuts
     D:6: 1609 daAuts
     D:5: 1442 daAuts
     D:4: 1336 daAuts
  Lair:1: 1117 daAuts
     D:2: 939 daAuts
    D:10: 910 daAuts
     D:3: 847 daAuts
     D:1: 746 daAuts
  Bailey: 668 daAuts
 Volcano: 450 daAuts
  Lair:2: 26 daAuts
